 Seeded DCSS version 0.30.0-17-ge0270778cf (webtiles) character file.

Game seed: 9635399671560706667 (custom seed)

65 Twinkles the Shooter (level 3, -2/31 HPs)
             Began as a Minotaur Hunter on May 22, 2023.
             Slain by a hobgoblin (5 damage)
             ... led by Robin
             ... on level 2 of the Dungeon.
             The game lasted 00:02:57 (916 turns).

Twinkles the Shooter (Minotaur Hunter)               Turns: 916, Time: 00:02:57

Health: -2/31      AC:  3    Str: 15    XL:     3   Next: 92%
Magic:  2/2        EV: 12    Int:  6    God:
Gold:   50         SH:  0    Dex: 15    Spells: 2/2 levels left

rFire   . . .        a - +0 shortbow
rCold   . . .        (shield currently unavailable)
rNeg    . . .        c - +0 leather armour
rPois   .            (helmet restricted)
rElec   .            (no cloak)
rCorr   .            (no gloves)
SInv    .            (no boots)
Will    .....        (no amulet)
Stlth   ++           (no ring)
HPRegen 0.25/turn    (no ring)
MPRegen 0.08/turn

%: no passive effects
@: no status effects
A: horns 2, retaliatory headbutt
a: no special abilities


You were on level 2 of the Dungeon.
You visited 1 branch of the dungeon, and saw 2 of its levels.

You collected 50 gold pieces.

Inventory:

Hand Weapons
 a - a +0 shortbow (weapon)
Armour
 c - a +0 leather armour (worn)
Wands
 q - a wand of flame (8)
Scrolls
 b - a scroll of enchant weapon {unknown}
 e - a scroll of poison {unknown}
 g - 4 scrolls of identify {unknown}
 i - a scroll of fear {unknown}
 K - 2 scrolls of immolation
Potions
 d - 2 potions of might {unknown}
 f - a potion of lignification {unknown}
 h - a potion of degeneration {unknown}


   Skills:
 + Level 3.3 Fighting
 + Level 4.8 Ranged Weapons
 + Level 3.0 Dodging
 + Level 1.8 Stealth


You had 2 spell levels left.
You didn't know any spells.
Your spell library contained the following spells:

 Spells                   Type           Power      Damage    Failure   Level
 Freeze                   Ice            0%         1d3       52%         1
 Sandblast                Erth           0%         2d4       52%         1
 Passwall                 Tmut/Erth      0%         N/A       67%         2
 Frozen Ramparts          Ice            0%         1d1       88%         3
 Hailstorm                Conj/Ice       0%         3d3       88%         3
 Stone Arrow              Conj/Erth      0%         3d7       88%         3
 Summon Guardian Golem    Hex/Summ       0%         N/A       88%         3
 Blade Hands              Tmut           0%         N/A       100%        5
 Summon Mana Viper        Hex/Summ       0%         N/A       100%        5
 Storm Form               Tmut/Air       0%         N/A       100%        7


Dungeon Overview and Level Annotations

Branches:
Dungeon (2/15) Zot: 11063

Altars:


Innate Abilities, Weirdness & Mutations

You have a pair of horns on your head.
You reflexively headbutt those who attack you in melee.


Message History

Robin is moderately wounded.
Robin roars a battlecry!
You shoot an arrow.
The arrow hits Robin but does no damage.
Robin is moderately wounded.
Robin hits you with a +0 spear. x2
A hobgoblin comes into view.
You shoot an arrow. The arrow barely misses Robin.
The hobgoblin shouts!
Robin hits you with a +0 spear.
You shoot an arrow. The arrow hits Robin.
Robin is severely wounded.
A hobgoblin comes into view.
Robin hits you with a +0 spear.
* * * LOW HITPOINT WARNING * * *
You shoot an arrow. The arrow barely misses Robin.
The arrow hits the hobgoblin.
The hobgoblin is lightly wounded.
You hear a shout!
Robin hits you with a +0 spear.
* * * LOW HITPOINT WARNING * * *
Robin roars a battlecry!
You shoot an arrow. The arrow hits Robin.
Robin is severely wounded.
Robin's bangles clink loudly.
Robin hits you with a +0 spear.
* * * LOW HITPOINT WARNING * * *
You shoot an arrow. The arrow closely misses Robin.
The arrow hits the hobgoblin.
The hobgoblin is almost dead.
Robin closely misses you.
You shoot an arrow. The arrow barely misses Robin.
The arrow hits the hobgoblin!
You kill the hobgoblin!
Robin hits you with a +0 spear.
* * * LOW HITPOINT WARNING * * *
You shoot an arrow. The arrow hits Robin!
You kill Robin!
The hobgoblin hits you.
You die...

#.###.# ......#
########## #.#####
#........# #.#
#.######.# #.# #.#
#.# #.# #####.####
#.# #.# #........#
#.# #.###.###.##.#
#)# ...##.# #.##.#
#@# ....#.#
#.##.###g#
...##.###....g).g#
.......#####.#####
#.###.## ##...###
#.# ### ##......#
#+# ##.......##
#...g.....#
##..g....##


You could see 2 hobgoblins.

Vanquished Creatures
  Jessica (D:2)
  Robin (D:2)
  An adder (D:2)
  A worm (D:2)
  2 bats (D:1)
  2 endoplasms (D:2)
  A giant cockroach (D:1)
  8 goblins
  2 hobgoblins (D:2)
  4 kobolds
  A frilled lizard (D:1)
  3 rats
27 creatures vanquished.

Notes
Turn   | Place    | Note
-------+----------+-------------------------------------------
     0 | D:1      | Twinkles the Minotaur Hunter began the quest for the Orb.
     0 | D:1      | Reached XP level 1. HP: 18/18 MP: 0/0
     8 | D:1      | Got the Meditations on Fluctuating Bad Luck
   280 | D:1      | Reached skill level 1 in Stealth
   341 | D:1      | Reached XP level 2. HP: 25/25 MP: 1/1
   689 | D:2      | Noticed Jessica
   693 | D:2      | Killed Jessica
   694 | D:2      | Reached XP level 3. HP: 31/31 MP: 2/2
   861 | D:2      | Noticed Robin
   911 | D:2      | HP: 9/31 [Robin/+0 spear (4)]
   915 | D:2      | HP: 3/31 [Robin/+0 spear (3)]
   916 | D:2      | Killed Robin
   916 | D:2      | Slain by a hobgoblin

Illustrated notes

Levels and vault maps discovered:
D:1:      roderic_octagonal_star, layout_loops_cross
D:2:      layout_loops_corners, uniq_jessica, uniq_natasha, uniq_robin

Skill      XL: |  1  2  3 |
---------------+----------+-----
Stealth        | 1 |  1.8
Fighting       | 3 |  3.3
Dodging        | 3 |  3.0
Ranged Weapons | |  4.8

Action                     || total
---------------------------++-------
   Fire: Shortbow          ||    65
 Armour: Leather armour    ||     6
  Dodge: Dodged            ||    22
